 Dungeon Crawl Stone Soup version 0.18-a0-1773-gec4f98e (webtiles) character file.

852 dvd the Gusty (level 7, -3/42 HPs)
             Began as a High Elf Air Elementalist on Apr 14, 2016.
             Was a Follower of Vehumet.
             Slain by Duvessa
             ... wielding a +0 short sword
              (5 damage)
             ... on level 6 of the Dungeon.
             The game lasted 00:15:44 (4926 turns).

dvd the Gusty (High Elf Air Elementalist)           Turns: 4926, Time: 00:15:44

Health: -3/42      AC:  4    Str:  6 (8)  XL:     7   Next: 69%
Magic:  7/16       EV: 14    Int: 17 (19) God:    Vehumet [*.....]
Gold:   223        SH:  0    Dex: 16 (17) Spells: 4 memorised, 8 levels left

rFire  . . .     SeeInvis .     a - +2 short sword (venom)
rCold  . . .     Gourm    .     z - +0 robe
rNeg   . . .     Faith    .     (no shield)
rPois  .         Spirit   .     n - +0 helmet
rElec  .         Dismiss  .     (no cloak)
rCorr  .         Reflect  .     (no gloves)
SustAt .         Harm     .     r - +0 pair of boots
MR     +....                    (no amulet)
Stlth  ++........               (no ring)
                                h - ring of protection from magic

@: very slightly contaminated, hasted, repel missiles, very quick, somewhat
resistant to hostile enchantments, unstealthy
A: no striking features
a: Renounce Religion


You were on level 6 of the Dungeon.
You worshipped Vehumet.
Vehumet was aware of your devotion.
You were not hungry.

You visited 1 branch of the dungeon, and saw 6 of its levels.

You collected 223 gold pieces.

Inventory:

Hand Weapons
 a - a +2 short sword of venom (weapon)
 J - a +2 mace of crushing
 K - a +3 quarterstaff of chaos
 M - a +0 mace of protection
Armour
 n - a +0 helmet (worn)
 r - a +0 pair of boots (worn)
 z - a +0 robe (worn)
 L - a +0 cloak
Jewellery
 h - a ring of protection from magic (left hand)
 x - an uncursed amulet of regeneration {unknown}
 A - an uncursed ring of protection from magic
 C - an uncursed ring of protection from magic
Wands
 w - a wand of teleportation (3/9)
 E - a wand of digging (20/24)
 G - a wand of slowing (24/48)
 O - a wand of random effects (27/48)
 P - a wand of slowing (34/48)
Scrolls
 d - 4 scrolls of identify {unknown}
 g - 2 scrolls of random uselessness {unknown}
 m - 2 scrolls of magic mapping {unknown}
 p - 5 scrolls of remove curse {unknown}
 s - a scroll of fear {unknown}
 u - a scroll of recharging {unknown}
 v - 5 scrolls of teleportation {unknown}
 y - a scroll of enchant armour {unknown}
 D - a scroll of noise {unknown}
Potions
 e - a potion of haste
 f - a potion of brilliance {unknown}
 j - a potion of resistance {unknown}
 o - a potion of lignification {unknown}
 q - a potion of degeneration
 B - a potion of might {unknown}
 H - a potion of flight {unknown}
Books
 b - a book of Air

   Spells                             Type                      Level
   a - Shock                          Conjuration/Air              1
   b - Swiftness                      Charms/Air                   2
   c - Repel Missiles                 Charms/Air                   2
   d - Static Discharge               Conjuration/Air              3
   e - Lightning Bolt                 Conjuration/Air              5
Comestibles
 c - 6 bread rations
 i - 12 fruits
 l - 3 slices of pizza
 t - 4 meat rations
 F - a beef jerky
 I - 2 chunks of flesh
 N - a royal jelly


   Skills:
 + Level 0.6 Fighting
 + Level 1.3 Short Blades
 + Level 4.5 Dodging
 - Level 2.1 Stealth
 + Level 5.3 Spellcasting
 + Level 4.5 Conjurations
 + Level 0.5 Charms
 + Level 6.6 Air Magic


You had 8 spell levels left.
You knew the following spells:

 Your Spells              Type           Power        Failure   Level  Hunger
a - Shock                 Conj/Air       ###.         1%          1    None
b - Repel Missiles        Chrm/Air       ###...       6%          2    #......
c - Static Discharge      Conj/Air       ###.....     6%          3    ##.....
d - Swiftness             Chrm/Air       ###.....     6%          2    #......


Dungeon Overview and Level Annotations

Branches:
Dungeon (6/15)             Temple (0/1) D:6

Altars:
Gozag
Okawaru
Qazlal
Sif Muna
Vehumet

Shops:
D:4 }

Annotations:
D:4 ilikecats's ghost, novice DrTm
D:6 Duvessa


Message History

There was something very wrong with that liquid.
You feel weakened.
You feel dopey.
You feel clumsy. Duvessa misses you. Duvessa barely misses you.
Drink which item? (? for menu, Esc to quit)
You feel better. Duvessa closely misses you. Duvessa barely misses you.
Duvessa rages.
Duvessa hits you with a short sword!
* * * LOW HITPOINT WARNING * * *
Read which item? (? for menu, Esc to quit)
Okay, then.
Unknown command.
Drink which item? (? for menu, Esc to quit)
It was a potion of haste.
You feel yourself speed up. Duvessa closely misses you.
You are very lightly contaminated with residual magic.
Duvessa rages.
You see here a scroll labeled CAUWOY PUWOXE.
Duvessa hits you with a short sword.
You die...

### #######
#######.. ......#
......#.######.# #.#
..§§§..)e@.....# #.#
.≈≈§§≈..######.###.#
≈≈§≈≈§≈............#
§§≈>§§§.########.#.#
≈≈≈≈§≈≈.. ...#.#
.≈≈§§≈..# ###.#.#
..≈§≈...# #.#.#
.......## #.#.#
#.###.. ##.#.#


You could see Duvessa (berserk).

Vanquished Creatures
  An ogre (D:4)
  A giant frog (D:6)
  Dowan (D:6)
  A crimson imp (D:5)
  A giant frog zombie (D:5)
  2 hounds (D:5)
  Crazy Yiuf (D:6)
  An orc wizard (D:4)
  2 orc priests (D:4)
  Jessica (D:2)
  Natasha (D:4)
  An iguana (D:5)
  2 worker ants
  A howler monkey zombie (D:5)
  Robin (D:2)
  8 gnolls
  7 adders
  An ooze (D:3)
  2 adder skeletons
  A dart slug (D:1)
  A worm (D:5)
  8 giant geckos
  3 orcs
  3 giant cockroaches
  16 goblins
  20 hobgoblins
  4 jackals
  2 quokkas
  A ball python (D:4)
  8 bats
  5 giant newts
  A jackal skeleton (D:5)
  7 kobolds
  7 rats
123 creatures vanquished.

Notes
Turn   | Place    | Note
--------------------------------------------------------------
     0 | D:1      | dvd the High Elf Air Elementalist began the quest for the Orb.
     0 | D:1      | Reached XP level 1. HP: 11/11 MP: 4/4
   254 | D:1      | Reached XP level 2. HP: 17/17 MP: 4/6
   608 | D:1      | Reached skill level 4 in Air Magic
   857 | D:1      | Learned a level 2 spell: Repel Missiles
   904 | D:2      | Reached XP level 3. HP: 21/21 MP: 4/8
  1094 | D:2      | Noticed Robin
  1115 | D:2      | Killed Robin
  1216 | D:2      | Reached XP level 4. HP: 24/27 MP: 7/10
  1582 | D:2      | Found an iron altar of Okawaru.
  1605 | D:2      | Noticed Jessica
  1613 | D:2      | Killed Jessica
  1762 | D:2      | Reached XP level 5. HP: 31/31 MP: 5/11
  1769 | D:2      | Reached skill level 5 in Air Magic
  2215 | D:3      | You fall through a shaft for 3 floors!
  2274 | D:5      | Entered Level 5 of the Dungeon
  2338 | D:5      | Learned a level 3 spell: Static Discharge
  2406 | D:5      | Found a radiant altar of Vehumet.
  2406 | D:5      | Found a stormy altar of Qazlal.
  2410 | D:5      | Became a worshipper of Vehumet
  2520 | D:5      | Reached XP level 6. HP: 22/36 MP: 5/13
  3066 | D:4      | Reached skill level 1 in Short Blades
  3105 | D:4      | Noticed ilikecats's ghost (novice DrTm)
  3305 | D:3      | Found an opulent altar of Gozag.
  3354 | D:3      | Reached XP level 7. HP: 42/42 MP: 10/15
  3624 | D:3      | Reached skill level 6 in Air Magic
  3642 | D:3      | Reached * piety under Vehumet
  3642 | D:3      | Offered knowledge of Sting by Vehumet.
  3872 | D:3      | Found a deep blue altar of Sif Muna.
  4135 | D:4      | Noticed Natasha
  4140 | D:4      | Killed Natasha
  4140 | D:4      | Reached skill level 5 in Spellcasting
  4251 | D:4      | Found Wuizog's Gadget Shoppe.
  4697 | D:6      | Noticed Crazy Yiuf
  4706 | D:6      | Killed Crazy Yiuf
  4871 | D:6      | Learned a level 2 spell: Swiftness
  4896 | D:6      | Found a staircase to the Ecumenical Temple.
  4898 | D:6      | Noticed Dowan
  4905 | D:6      | Noticed Duvessa
  4905 | D:6      | Killed Dowan
  4921 | D:6      | HP: 1/42 [Duvessa/short sword (11)]
  4926 | D:6      | Slain by Duvessa

Vault maps used:
D:1:      dpeg_arrival_stone_temple_mockup
D:2:      nicolae_overflow_crystal_walls, first_bread, uniq_jessica, uniq_robin
D:3:      lemuel_blue_sif_altar, st_stairs_12, nicolae_gozag_seed_capital
D:4:      serial_shops, nicolae_shop_behind_doors, uniq_natasha
D:5:      gammafunk_temple_overflow_elements, kennysheep_small_spiral
D:6:      overflow_temple_1_default, slow_altar_2, minmay_temple_entry_mist,
          serial_shops, shop, nicolae_ossuary_entry_ruins,
          uniq_crazy_yiuf_cottage, uniq_sigmund, uniq_duvessa

Skill      XL: |  1  2  3  4  5  6  7 |
---------------+----------------------+-----
Air Magic      | 4 5 6 |  6.6
Spellcasting   | 3 4 5 |  5.3
Conjurations   | 2 3 4 |  4.5
Dodging        | 3 4 |  4.5
Short Blades   | 1 |  1.3
Fighting       | |  0.6
Stealth        | |  2.1
Charms         | |  0.5

Action                   |  1- 3 |  4- 6 |  7- 9 || total
-------------------------+-------+-------+-------++-------
Melee: Short sword       |     8 |    25 |    31 ||    64
 Cast: Shock             |    56 |   109 |    58 ||   223
       Repel Missiles    |     1 |       |       ||     1
       Static Discharge  |       |     5 |     5 ||    10
  Use: Potion            |       |       |     4 ||     4
 Stab: Sleeping          |       |     1 |     3 ||     4
  Eat: Chunk             |     1 |     7 |     5 ||    13
Armor: Robe              |     6 |    14 |     4 ||    24
Dodge: Dodged            |    17 |    48 |    28 ||    93
